 Dungeon Crawl Stone Soup version 0.27.1 (webtiles) character file.

Game seed: 4670177252308439953

12 r3algoood the Firebug (level 2, -4/20 HPs)
             Began as a Demigod Fire Elementalist on Sept 1, 2021.
             Slain by a hobgoblin (7 damage)
             ... on level 1 of the Dungeon.
             The game lasted 00:01:21 (464 turns).

r3algoood the Firebug (Demigod Fire Elementalist)    Turns: 464, Time: 00:01:24

Health: -4/20      AC:  2    Str:  9    XL:     2   Next: 9%
Magic:  0/7        EV: 12    Int: 17    God:
Gold:   23         SH:  0    Dex: 14    Spells: 4/5 levels left

rFire    . . .     SeeInvis .   b - +0 whip
rCold    . . .     Faith    .   (no shield)
rNeg     . . .     Spirit   .   a - +0 robe
rPois    .         Reflect  .   (no helmet)
rElec    .         Harm     .   (no cloak)
rCorr    .         Rampage  .   (no gloves)
Will     .....                  (no boots)
Stlth    ++........             (no amulet)
HPRegen  0.06/turn              (no ring)
MPRegen  0.10/turn              (no ring)

@: no status effects
A: high mp 1, forlorn
a: no special abilities


You were on level 1 of the Dungeon.
You visited 1 branch of the dungeon, and saw 1 of its levels.

You collected 23 gold pieces.

Inventory:

Hand Weapons
 b - a +0 whip (weapon)
Armour
 a - a +0 robe (worn)
Potions
 c - a potion of heal wounds {unknown}


   Skills:
 + Level 2.1 Dodging
 + Level 1.7 Stealth
 + Level 2.0 Spellcasting
 + Level 0.8 Conjurations
 + Level 2.9 Fire Magic


You had 4 spell levels left.
You knew the following spells:

 Your Spells              Type           Power      Damage    Failure   Level
a - Foxfire               Conj/Fire      32%        2x1d5     9%          1

Your spell library contained the following spells:

 Spells                   Type           Power      Damage    Failure   Level
 Conjure Flame            Conj/Fire      8%         6-21      26%         3
 Inner Flame              Hex/Fire       6%         N/A       32%         3
 Sticky Flame             Conj/Fire      8%         2d3       65%         4
 Fireball                 Conj/Fire      4%         3d4       94%         5


Dungeon Overview and Level Annotations

Branches:
Dungeon (1/15)


Innate Abilities, Weirdness & Mutations

Your attributes grow dramatically as you level up.
You have an increased reservoir of magic. (+10% MP)
You shall have no god before yourself.


Message History

The kobold misses you. The giant cockroach bites you.
Casting: Foxfire (safe; 9% risk of failure)
Confirm with . or Enter, or press ? or * to list all spells.
You don't have enough magic to cast this spell.
You miss the kobold.
The kobold is severely wounded.
The giant cockroach barely misses you. The kobold hits you with a +0 dagger.
The giant cockroach bites you but does no damage.
The kobold barely misses you. The hobgoblin misses you.
You hit the kobold.
You kill the kobold!
The giant cockroach bites you but does no damage.
The hobgoblin closely misses you.
You closely miss the rat. The giant cockroach closely misses you.
The rat bites you. The hobgoblin closely misses you.
Casting: Foxfire (safe; 9% risk of failure)
Confirm with . or Enter, or press ? or * to list all spells.
You don't have enough magic to cast this spell.
You closely miss the rat. The giant cockroach closely misses you.
The rat bites you but does no damage.
The hobgoblin hits you from afar with a +0 spear.
* * * LOW HITPOINT WARNING * * *
The giant cockroach bites you.
* * * LOW HITPOINT WARNING * * *
You hit the rat.
You kill the rat!
The hobgoblin barely misses you. The giant cockroach closely misses you.
Casting: Foxfire (safe; 9% risk of failure)
Confirm with . or Enter, or press ? or * to list all spells.
You conjure some foxfire!
The giant cockroach bites you.
* * * LOW HITPOINT WARNING * * *
The hobgoblin completely misses you.
You hit the giant cockroach.
The giant cockroach is severely wounded.
The foxfire hits the hobgoblin.
The hobgoblin is lightly wounded.
The foxfire hits the giant cockroach.
You kill the giant cockroach!
The hobgoblin hits you from afar with a +0 spear!
You die...

#.# #.###†..#... ..#
#.........r# #.. #....†#
#.# #.##.#####.# #######.#
#.##).......
#.......####....######.
#.......g..# #...#####).#
#...# #@.# #####...#
########## #.......#
##.........
#.###...####...♣♣♣♣♣♣♣♣♣
.###......÷÷.....♣..PP..PP♣
............##.#.♣...P..PP♣
###.#.##.##....#.♣P...PP..♣
# #....##....#.♣PP.<.P..♣
#######.#.##.♣..P...PP♣


You could see a hobgoblin.

Vanquished Creatures
  A giant cockroach (D:1)
  A goblin (D:1)
  3 hobgoblins (D:1)
  A kobold (D:1)
  2 quokkas (D:1)
  2 frilled lizards (D:1)
  2 rats (D:1)
12 creatures vanquished.

Vanquished Creatures (others)
  18 foxfires (D:1)
18 creatures vanquished.

Grand Total: 30 creatures vanquished

Notes
Turn   | Place    | Note
-------+----------+-------------------------------------------
     0 | D:1      | r3algoood the Demigod Fire Elementalist began the quest for
                  | the Orb.
     0 | D:1      | Reached XP level 1. HP: 14/14 MP: 5/5
   454 | D:1      | Reached XP level 2. HP: 13/20 MP: 1/7
   464 | D:1      | Slain by a hobgoblin

Illustrated notes

Levels and vault maps discovered:
D:1:      scummos_arrival_checkerplants, layout_basic, basic_ecumenical_altar,
          minmay_misc_feat_more_columns, minmay_pentomino_x4

Skill      XL: |  1 |
---------------+----+-----
Dodging        | 2 |  2.1
Spellcasting   | 2 |  2.0
Stealth        | |  1.7
Conjurations   | |  0.8
Fire Magic     | |  2.9

Action                   || total
-------------------------++-------
Melee: Whip              ||    23
 Cast: Foxfire           ||    10
Armor: Robe              ||    10
Dodge: Dodged            ||    21
